 Dungeon Crawl Stone Soup version 0.31-a0-214-gb37851dbb3 (webtiles) character file.

Game seed: 9500054695410350617

78 qw the Shooter (level 4, -2/36 HPs)
             Began as a Minotaur Hexslinger on July 1, 2023.
             Slain by a cerulean imp
             ... wielding a +1 spear
             ... summoned by Natasha
              (4 damage)
             ... on level 2 of the Dungeon.
             The game lasted 00:00:33 (1758 turns).

qw the Shooter (Minotaur Hexslinger)                Turns: 1758, Time: 00:00:34

Health: -2/36      AC:  3    Str: 12    XL:     4   Next: 15%
Magic:  4/4        EV: 12    Int: 10    God:
Gold:   138        SH:  0    Dex: 15    Spells: 4/5 levels left

rFire   . . .        Y - +1 sling
rCold   . . .        (no shield)
rNeg    . . .        g - +0 leather armour
rPois   .            (helmet restricted)
rElec   .            (no cloak)
rCorr   .            (no gloves)
SInv    .            (no boots)
Will    .....        (no amulet)
Stlth   +            (no ring)
HPRegen 0.26/turn    (no ring)
MPRegen 0.09/turn

%: no passive effects
@: slowed, very slow
A: horns 2, retaliatory headbutt
a: no special abilities


You were on level 2 of the Dungeon.
You visited 1 branch of the dungeon, and saw 2 of its levels.

You collected 138 gold pieces.


Innate Abilities, Weirdness & Mutations

You have a pair of horns on your head.
You reflexively headbutt those who attack you in melee.


   Skills:
 - Level 2.0 Fighting
 + Level 4.6 Ranged Weapons
 - Level 2.1 Dodging
 - Level 1.0 Spellcasting
 - Level 2.0 Hexes


You had 4 spell levels left.
You knew the following spells:

 Your Spells              Type           Power      Damage    Failure   Level
a - Slow                  Hex            16%        N/A       19%         1

Your spell library contained the following spells:

 Spells                   Type           Power      Damage    Failure   Level
 Inner Flame              Hex/Fire       2%         N/A       65%         3
 Portal Projectile        Hex/Tloc       4%         N/A       65%         3
 Cause Fear               Hex            2%         N/A       88%         4

Inventory:

Hand Weapons
 Y - a +1 sling (weapon)
Armour
 g - a +0 leather armour (worn)
Jewellery
 d - an amulet of magic regeneration
Scrolls
 b - a scroll of summoning {unknown}
Potions
 a - a potion of heal wounds {unknown}
 c - 2 potions of curing {unknown}

Dungeon Overview and Level Annotations

Branches:
Dungeon (2/15)

Altars:

Shops:
D:1 :

Annotations:
D:2 Natasha


Message History

The cerulean imp hits you with a +2 spear.
Natasha wildly gestures.
You feel troubled. Natasha claws you.
The cerulean imp hits you from afar with a +1 spear.
You shoot a sling bullet.
The sling bullet misses the cerulean imp.
The cerulean imp misses you.
Natasha stares at you and mumbles some strange words.
You feel yourself slow down.
The cerulean imp hits you from afar with a +1 spear.
An adder zombie comes into view.
The cerulean imp hits you with a +2 spear.
You shoot a sling bullet. The sling bullet hits the cerulean imp.
The cerulean imp is moderately wounded.
Natasha closely misses you. You furiously retaliate!
You headbutt Natasha! The cerulean imp barely misses you.
The cerulean imp hits you with a +2 spear.
Natasha wildly gestures.
Natasha shimmers violently.
Natasha barely misses you.
The cerulean imp hits you from afar with a +1 spear.
You shoot a sling bullet. The sling bullet hits Natasha.
Natasha is almost dead.
The cerulean imp barely misses you. You furiously retaliate!
You headbutt the cerulean imp! Natasha barely misses you.
The cerulean imp hits you from afar with a +1 spear.
The cerulean imp closely misses you. You furiously retaliate!
You headbutt the cerulean imp.
You kill the cerulean imp!
The cerulean imp disappears in a puff of smoke!
Natasha casts a spell at you. The magic dart hits you.
The cerulean imp barely misses you.
You shoot a sling bullet.
The sling bullet closely misses Natasha.
The adder zombie bites you but does no damage.
Natasha stares at you and mumbles some strange words.
You resist with some effort.
The cerulean imp hits you from afar with a +1 spear.
You die...

##...#.#####.###...7
7....# ##.##.#
#.####.#7 77...##
####.# #.##...77Ph..
7...## #.#
#.##.#.7P5PP 7..## #.#
#.....77PZP #'## #.#
####.#7P.P7 #.# #.#
#.#7PZP7 #.#
####.#7).P7 ####.#####
####
#....@7..P7##........?
....
#.##h#Z..77........##.
####
#..5.77............
#..##.#.....#.####.
#...........### #.
#####.#.....######.
#.######.####....[....
#........# ##########
##########


You could see Natasha, a cerulean imp (summoned) and an adder zombie.

Vanquished Creatures
  Jessica (D:2)
  A worm (D:2)
  4 dart slugs
  3 ball pythons
  2 bat skeletons (D:2)
  6 endoplasms
  2 giant cockroaches
  2 goblins (D:1)
  2 hobgoblins
  4 jackals (D:2)
  A quokka (D:1)
  3 bats (D:1)
  A frilled lizard (D:2)
  3 kobolds
  3 rats
38 creatures vanquished.

Notes
Turn   | Place    | Note
-------+----------+-------------------------------------------
     0 | D:1      | qw the Minotaur Hexslinger began the quest for the Orb.
     0 | D:1      | Reached XP level 1. HP: 16/16 MP: 1/1
     0 | D:1      | 0 ||| qw: Version: 0.3-a-32-g5962c71
     0 | D:1      | 0 ||| qw: Game counter: 7487
     0 | D:1      | 0 ||| qw: Melee chars always use a shield: true
     0 | D:1      | 0 ||| qw: God list: Okawaru
     0 | D:1      | 0 ||| qw: Allow faded altars: false
     0 | D:1      | 0 ||| qw: Do Orc after clearing Dungeon:15 true
     0 | D:1      | 0 ||| qw: Do second Lair branch before Depths: true
     0 | D:1      | 0 ||| qw: Lair rune preference: random
     0 | D:1      | 0 ||| qw: Goals: Normal
     0 | D:1      | 0 ||| PLANNING D:1-11
   147 | D:1      | Found Nymunoa's Book Shop.
   243 | D:1      | Reached skill level 3 in Ranged Weapons
   249 | D:1      | Reached XP level 2. HP: 23/23 MP: 2/2
   432 | D:1      | Found a faded altar of an unknown god.
   851 | D:1      | 851 ||| UPGRADING to +0 leather armour.
   861 | D:1      | 861 ||| DROPPING +0 robe.
   862 | D:1      | 862 ||| READING scroll labelled UTUN WYTUCKA.
   863 | D:1      | 863 ||| READING scroll labelled ACWAXZOENES.
   864 | D:1      | 864 ||| READING scroll labelled COGIX UNIF.
   865 | D:1      | 865 ||| READING scroll labelled EMYGEI QIFFA.
   866 | D:1      | 866 ||| DROPPING scroll of poison.
   972 | D:2      | Reached XP level 3. HP: 29/29 MP: 3/3
  1293 | D:2      | Noticed Jessica
  1303 | D:2      | Killed Jessica
  1304 | D:2      | Reached skill level 4 in Ranged Weapons
  1304 | D:2      | Reached XP level 4. HP: 21/36 MP: 4/4
  1742 | D:2      | Noticed Natasha
  1744 | D:2      | 1744 ||| Stepping ~*~*~tactically~*~*~ (outnumbered).
  1752 | D:2      | 1752 ||| Stepping ~*~*~tactically~*~*~ (outnumbered).
  1756 | D:2      | HP: 7/36 [cerulean imp/+1 spear[Natasha] (4)]
  1757 | D:2      | HP: 2/36 [Natasha/magic dart (5)]
  1758 | D:2      | Slain by a cerulean imp

Levels and vault maps discovered:
D:1:      amcnicky_arrival_gap_in_the_tavern_cellar, layout_basic, serial_shops,
          shop, shapermc_ecumenical_altar_petra
D:2:      layout_loops_corners, kennysheep_path_1, dilly_guarded_unrand_morg,
          uniq_jessica

Skill      XL: |  1  2  3 |
---------------+----------+-----
Ranged Weapons | 3 4 |  4.6
Fighting       | 2 |  2.0
Dodging        | |  2.1
Spellcasting   | |  1.0
Hexes          | |  2.0

Action                     |  1- 3 |  4- 6 || total
---------------------------+-------+-------++-------
   Fire: Sling             |   109 |    18 ||   127
    Use: Scroll            |     4 |       ||     4
 Armour: Robe              |     5 |       ||     5
         Leather armour    |     1 |     3 ||     4
  Dodge: Dodged            |    24 |    19 ||    43

Table legend:
 A = Non-vault XP
 B = Vault XP
 C = Vault XP percentage of total XP
 D = Non-vault monster count
 E = Vault monster count
 F = Vault count percentage of total count
                 A         B        C        D         E       F
            +---------+---------+-------+---------+---------+-------
      Total |      71 |      41 |  36.6 |      35 |       3 |   7.9
            +---------+---------+-------+---------+---------+-------
        D:1 |      29 |       0 |   0.0 |      16 |       0 |   0.0
        D:2 |      42 |      41 |  49.4 |      19 |       3 |  13.6
            +---------+---------+-------+---------+---------+-------
